tertium, neutral male human Tourist ---- --- |..| --.-- |..| |...------- --.--- |....--.|.-- |...|-- --.........| ---%|.--- ---.........-| --- |..%.%--------....--......-- - ...-- - - ---G..@h((%%%........G.....--.. ..........| --..--.-------------.......- ..........0- |..| ---.--.....................| .--- --.........................-- |.........>...............-| --........................- --...----.................| |..-- .................| ---- ..--..........|*-- --- --.|.--.----- ---- -- tertium the Excursionist Experience level: 6 Strength: 17 Dexterity: 12 Constitution: 16 Intelligence: 13 Wisdom: 8 Charisma: 15 Health: 0(43) Energy: 17(17) AC: 7 Gold: 922 Moves: 2902 Your Inventory: Coins $ - 922 gold pieces Weapons a - a +0 runed dagger [elven] (weapon in hand) b - 18 +2 darts (in quiver) p - an [uncursed +0] dagger z - 9 [blessed +1] darts V - 10 [cursed -1] darts Armor i - an uncursed +0 Hawaiian shirt B - an [uncursed] +0 pair of jumping boots H - an [uncursed] +0 iron skull cap [orcish helm] (being worn) X - an [uncursed] +0 hooded cloak [dwarvish] (being worn) Y - an [uncursed] +0 pair of hard shoes [iron] (being worn) Comestibles c - 7 uncursed food rations f - an uncursed pancake o - an [uncursed] lichen corpse y - an [uncursed] tripe ration C - an [uncursed] carrot K - 3 uncursed fortune cookies Z - an uncursed clove of garlic Scrolls h - 4 uncursed scrolls of magic mapping w - a [cursed] scroll called EL 80 [of enchant weapon] M - 2 [uncursed] scrolls of teleportation O - an [uncursed] scroll labeled PRIRUTSENIE [of identify] Potions v - 2 [uncursed] clear potions [of water] D - an [uncursed] potion of extra healing R - an [uncursed] pink potion [of paralysis] Wands E - an [uncursed] wand of magic missile [0:2] I - an [uncursed] wand of fire [0:0] Tools e - an [uncursed +0] pick-axe g - an [uncursed] tin whistle j - an expensive camera (0:88) q - an [uncursed] leash r - an [uncursed] can of grease [0:16] s - an uncursed credit card u - an [uncursed wax] candle A - an [uncursed magic] harp [0:7] T - 2 [uncursed tallow] candles Gems d - an [uncursed] violet gem [amethyst] k - 2 [uncursed] red gems [worthless glass] l - 2 [uncursed] orange gems [agate] m - 2 [uncursed] white gems [opal] n - an [uncursed] yellow gem [worthless glass] t - 2 [uncursed] black gems [worthless glass] L - an [uncursed] green gem [worthless glass] N - an [uncursed] white gem [worthless glass] S - 2 [uncursed] violet gems [worthless glass] Spells known in the end: Name Level Category Fail Memory Your skills at the end: Fighting Skills Weapon Skills dart [Basic / Expert] Spellcasting Skills Final Attributes: You were piously aligned. Hunger level was 217. Your alignment was 24 / 24. Monster difficulty range was 0 - 5. Level difficulty was 5. Your luck was zero. The Lady was angry with you (1). You are dead. Vanquished creatures: a small mimic 2 gnome lords 3 floating eyes 2 dwarves a kobold lord a kobold shaman a rabid rat 2 giant bats a werejackal 2 iguanas an acid blob a coyote a gas spore a hobbit 2 giant rats a brown mold 25 gnomes 2 geckos 8 jackals a fox 2 goblins 7 sewer rats 2 grid bugs 4 lichens 4 newts 78 creatures vanquished. Voluntary challenges: You used a wielded weapon 13 times. You read items or engraved 2 times. You put on armor 7 times. You never genocided any monsters. You never polymorphed an object. You never changed form. You used no wishes. You abstained from Elbereth's help. You never encountered a bones level. You never used any Sokoban shortcuts. Dungeon overview: The Dungeons of Doom: levels 1 to 4 Level 1 (gold) a long staircase Level 3 a general store, a fountain stairs to The Gnomish Mines The Gnomish Mines: levels 4 to 6 Level 4 stairs to The Dungeons of Doom Level 5 <- You were here History has recorded: On T:1 you entered the Dungeons of Doom to retrieve the Amulet of Yendor! On T:410 you reached level 2 of The Dungeons of Doom. On T:777 you reached level 3 of The Dungeons of Doom. On T:1111 you advanced to experience level 2. On T:1266 you reached level 4 of The Dungeons of Doom. On T:1450 you advanced to experience level 3. On T:1764 you advanced to experience level 4. On T:2071 you advanced to experience level 5. On T:2446 you reached level 1 of The Gnomish Mines. On T:2835 you reached level 2 of The Gnomish Mines. On T:2837 you reached level 3 of The Gnomish Mines. On T:2863 you advanced to experience level 6. Latest messages: The magic missile misses it. You kill the gnome! (2x) The magic missile misses it. The magic missile hits it. [HP+1=29] The magic missile misses it. You kill the gnome! (2x) You miss it. Pick an object. A dwarf king on a corpse and more on the floor of a room. The bolt of fire misses it. The dwarf king hits! (2x) [HP-28=1] You begin praying to The Lady. The dwarf king hits! You die... Final status: Aloha tertium the Tourist... You died in The Gnomish Mines on dungeon level 5 with 1867 points, and 922 pieces of gold, after 2902 moves. You were level 6 with a maximum of 43 hit points when you died.